 Dungeon Crawl Stone Soup version 0.31-a0-1159-g800acc2fd1 (webtiles) character file.

Game seed: 15638739902289269451

56 Malachi the Slasher (level 3, -6/27 HPs)
             Began as a Demonspawn Gladiator on Dec 8, 2023.
             Was a Follower of Makhleb.
             Mangled by a gnoll
             ... wielding a +0 halberd
              (12 damage)
             ... on level 2 of the Dungeon.
             The game lasted 00:01:22 (864 turns).

Malachi the Slasher (Demonspawn Gladiator)           Turns: 864, Time: 00:01:22

Health: -6/27      AC:  9    Str: 20    XL:     3   Next: 69%
Magic:  3/3        EV: 11    Int:  8    God:    Makhleb [*.....]
Gold:   44         SH:  0    Dex: 16    Spells: 2/2 levels left

rFire   . . .        a - +0 long sword
rCold   . . .        (no shield)
rNeg    . . .        f - +0 chain mail
rPois   .            c - +0 helmet
rElec   .            (no cloak)
rCorr   .            (no gloves)
SInv    .            (no boots)
Will    .....        (no amulet) Stlth
                     l - +6 ring of strength
HPRegen 0.24/turn    (no ring)
MPRegen 0.08/turn

%: no passive effects
@: no status effects
A: repulsion field 1
a: Renounce Religion


You were on level 2 of the Dungeon.
You worshipped Makhleb.
Makhleb was aware of your devotion.
You visited 1 branch of the dungeon, and saw 2 of its levels.

You collected 44 gold pieces.

Inventory:

Hand Weapons
 a - a +0 long sword (weapon)
Missiles
 d - 3 throwing nets (quivered)
 e - a javelin
Armour
 c - a +0 helmet (worn)
 f - a +0 chain mail (worn)
Jewellery
 l - a +6 ring of strength (left hand)
Talismans
 m - a serpent talisman
Scrolls
 h - a scroll of noise {unknown}
 j - a scroll of fear {unknown}
 p - a scroll of amnesia {unknown}
Potions
 b - a potion of mutation {unknown}
 g - a potion of degeneration {unknown}
 i - a potion of ambrosia {unknown}
 k - 2 potions of enlightenment {unknown}
 n - a potion of brilliance {unknown}
 o - a potion of curing {unknown}


   Skills:
 - Level 2.0 Fighting
 + Level 4.3 Long Blades
 - Level 1.7 Throwing
 - Level 2.6 Dodging


You had 2 spell levels left.
You didn't know any spells.
Your spell library was empty.

Dungeon Overview and Level Annotations

Branches:
Dungeon (2/15)

Altars:
Makhleb


Innate Abilities, Weirdness & Mutations

You are surrounded by a mild repulsion field. (EV +2)


Message History

The gnoll barely misses you. The gnoll hits you but does no damage.
You barely miss the goblin. The goblin barely misses you.
The goblin hits you with a +0 dagger.
You slash the goblin!
You kill the goblin!
Makhleb accepts your kill. The gnoll misses you.
Your Long Blades skill increases to level 4!
You hit the gnoll.
The gnoll is lightly wounded.
The gnoll barely misses you. The gnoll closely misses you.
You barely miss the gnoll.
The gnoll is lightly wounded.
The gnoll barely misses you. The gnoll hits you with a +0 club.
You hit the gnoll.
The gnoll is heavily wounded.
The gnoll hits you but does no damage.
The gnoll hits you from afar with a +0 halberd.
You slash the gnoll!
You kill the gnoll!
Makhleb accepts your kill. The gnoll closely misses you.
The gnoll hits you from afar with a +0 halberd.
You hit the gnoll.
The gnoll is heavily wounded.
The gnoll closely misses you.
The gnoll hits you from afar with a +0 halberd!
The gnoll misses you.
You are too injured to fight recklessly!
You are too injured to fight recklessly!
Unknown command.
You slash the gnoll!
You kill the gnoll!
Makhleb accepts your kill.
A gnoll comes into view. It is wielding a +0 flail.
The gnoll hits you from afar with a +0 halberd.
* * * LOW HITPOINT WARNING * * *
The gnoll attacks as it pursues you!
The gnoll hits you from afar with a +0 halberd!
You die...

##.#.######## #.# .# ##.##
#.####.#
#.#############.#....#
###.....†......##†#....####
....######.................
.#### ####.###..###......##
.# ##.........# #......# .#
##..†#.###..###>.....# .#
#..†........@.g....### .#
#....#.##..####.g..# .#
#.#.##.##..# #....# .#
..... #.##..# ##.#.#
.#)..... ......# .#...
.#...... ... .. .#####
......<. .### ## ....<.


You could see 2 gnolls.

Vanquished Creatures
  2 gnolls (D:2)
  5 dart slugs (D:1)
  A ball python (D:1)
  6 endoplasms
  4 goblins
  A kobold (D:1)
  3 bats
  A frilled lizard (D:1)
  5 rats
28 creatures vanquished.

Notes
Turn   | Place    | Note
-------+----------+-------------------------------------------
     0 | D:1      | Malachi the Demonspawn Gladiator began the quest for the
                  | Orb.
     0 | D:1      | Reached XP level 1. HP: 16/16 MP: 1/1
   113 | D:1      | Reached skill level 3 in Long Blades
   157 | D:1      | Found a faded altar of an unknown god.
   189 | D:1      | Prayed at the altar of an unknown god.
   189 | D:1      | Became a worshipper of Makhleb the Destroyer
   189 | D:1      | Reached * piety under Makhleb
   258 | D:1      | Gained mutation: You are surrounded by a mild repulsion
                  | field. (EV +2) [demonic ancestry]
   258 | D:1      | Reached XP level 2. HP: 22/22 MP: 2/2
   487 | D:1      | Reached XP level 3. HP: 27/27 MP: 3/3
   858 | D:2      | Reached skill level 4 in Long Blades
   864 | D:2      | Mangled by a gnoll

Illustrated notes

Levels and vault maps discovered:
D:1:      lightli_arrival_chessboard, layout_loops_ring,
          hellmonk_ecumenical_altar_pennies_from_heaven, minmay_pentomino_u2
D:2:      layout_loops_ring

Skill      XL: |  1  2  3 |
---------------+----------+-----
Long Blades    | 3 4 |  4.3
Fighting       | |  2.0
Throwing       | |  1.7
Dodging        | |  2.6

Action                     || total
---------------------------++-------
  Melee: Long sword        ||    67
 Armour: Chain mail        ||    46
  Dodge: Dodged            ||    45

Table legend: (Time is in decaauts)
 A = Elapsed time spent in this place.
 B = Non-inter-level travel time spent in this place.
 C = Inter-level travel time spent in this place.
 D = Time resting spent in this place.
 E = Time spent auto-exploring this place.
 F = Levels seen in this place.
 G = Mean time per level.
                   A        B        C        D        E       F      G
               +--------+--------+--------+--------+--------+-----+--------+
         Total |    881 |    836 |     45 |      0 |    644 |   2 |  440.5 |
       Dungeon |    881 |    836 |     45 |      0 |    644 |   2 |  440.5 |
               +--------+--------+--------+--------+--------+-----+--------+

Top non-repeatable levels by time:
     D:1: 787 daAuts
     D:2: 94 daAuts
